 Dungeon Crawl Stone Soup version 0.31-a0-331-geda263fcf1 (webtiles) character file.

Game seed: 5870609838344291564

56 tsouns the Changeling (level 3, -5/29 HPs)
             Began as a Merfolk Shapeshifter on July 19, 2023.
             Was a Priest of Jiyva.
             Blown up by Ijyb (15 damage)
             ... with a mindburst bolt
             ... on level 3 of the Dungeon.
             The game lasted 00:02:51 (1157 turns).

tsouns the Changeling (Merfolk Shapeshifter)        Turns: 1157, Time: 00:02:52

Health: -5/29      AC:  6    Str: 17    XL:     3   Next: 97%
Magic:  3/3        EV: 12    Int:  7    God:    Jiyva [***...]
Gold:   45         SH:  0    Dex: 14    Spells: 2/2 levels left

rFire   . .          .
                       - Unarmed
rCold   . . .        (no shield)
rNeg    . . .        h - +1 ring mail {rPois}
rPois   +            (helmet currently unavailable)
rElec   .            (cloak currently unavailable)
rCorr   +            (gloves currently unavailable)
SInv    .            (boots currently unavailable)
Will    .....        (no amulet)
Stlth   +            (no ring)
HPRegen 1.36/turn    (no ring)
MPRegen 0.43/turn

%: no passive effects
@: beast-form
A: beast (slay +3), (nimble swimmer 2), mertail
a: Begin Untransformation, Renounce Religion, Oozemancy


You were on level 3 of the Dungeon.
You worshipped Jiyva.
Jiyva was most pleased with you.
You were a hulking beast.
You visited 1 branch of the dungeon, and saw 4 of its levels.

You collected 45 gold pieces.

Inventory:

Armour
 a - a +0 animal skin
 d - a scarf of harm
 h - a +1 ring mail of poison resistance (worn)
Talismans
 c - a beast talisman
Potions
 b - 2 potions of lignification
 e - a potion of heal wounds
 f - a potion of attraction {unknown}
 g - a potion of magic {unknown}
 i - a potion of curing {unknown}
 j - a potion of brilliance {unknown}


   Skills:
 + Level 3.0 Fighting
 + Level 3.5 Dodging
 + Level 2.9 Unarmed Combat
 + Level 4.5 Shapeshifting


You had 2 spell levels left.
You didn't know any spells.
Your spell library was empty.

Dungeon Overview and Level Annotations

Branches:
Dungeon (4/15)
 Temple: D:4-7

Altars:
Cheibriados
Kikubaaqudgha
Xom
The Shining One
Jiyva

Annotations:
D:3 Ijyb


Innate Abilities, Weirdness & Mutations

You are a hulking beast.
Your limbs bulge with bestial killing power. (Slay +3)
((You are very nimble when in or above water. (Stealth+, EV+, Speed+++)))
Your lower body shifts to a powerful aquatic tail in water.


Message History

The orc hits you but does no damage.
Ijyb zaps a wand.
Your mind is blasted!
You are too injured to fight recklessly!
Ijyb zaps a wand.
Your mind is blasted!
* * * LOW HITPOINT WARNING * * *
Ijyb zaps a wand.
Your mind is blasted!
* * * LOW HITPOINT WARNING * * *
It was a potion of heal wounds.
You feel much better.
You hit Ijyb.
Ijyb is lightly wounded.
Ijyb barely misses you.
You barely miss Ijyb.
Ijyb is lightly wounded.
You hit Ijyb.
Ijyb is moderately wounded.
Ijyb zaps a wand.
Your mind is blasted!
Ouch! That really hurt!
You hit Ijyb.
Ijyb is moderately wounded.
Ijyb hits you with a +0 club.
You barely miss Ijyb.
Ijyb is moderately wounded.
Ijyb zaps a wand.
You barely resist.
You feel much better.
Ijyb zaps a wand.
Your mind is blasted!
You punch Ijyb! Your punch misses Ijyb.
Ijyb is heavily wounded.
Ijyb misses you.
You hit Ijyb.
Ijyb is severely wounded.
Ijyb closely misses you.
You hit Ijyb.
Ijyb is almost dead.
Ijyb screams, "Die!"
Ijyb zaps a wand.
Your mind is blasted!
Ouch! That really hurt!
* * * LOW HITPOINT WARNING * * *
You hit Ijyb but do no damage.
Ijyb is almost dead.
Ijyb zaps a wand.
Your mind is blasted!
Ouch! That really hurt!
You die...

..........# .# ###
#.≈≈≈≈§≈§≈≈.##w###
#..
#.≈.§.....≈.......
##.
#.≈.≈§≈≈≈§≈.......
###..
#.≈§≈...≈.≈.......
#....
..≈.§._.≈.≈......
#.... #.≈§≈...≈†≈..#
#+# ###....
..≈.≈≈.≈§.≈w##### #.#
#......
#.≈.......≈ogh..###.#
#....##
#.≈≈≈≈≈.≈≈≈.###.....#
###..## ............#
#.....###...##
....###....##
#......##.### ###
#...).###...†..##.#
#.................#
#......###.#....###
###'##.# #.#....#
#.##.# #.#....#


You could see Ijyb, a dart slug and an orc.

Vanquished Creatures
  2 adders (D:2)
  A worm (D:2)
  A bat skeleton (D:2)
  An endoplasm (D:1)
  3 giant cockroaches
  4 goblins
  6 hobgoblins
  A jackal (D:2)
  2 kobolds
  2 quokkas (D:1)
  3 ball pythons (D:1)
  2 ball python skeletons (D:2)
  A bat (D:2)
  A quokka zombie (D:2)
  4 rats
34 creatures vanquished.

Vanquished Creatures (others)
  A bat (D:2)
  3 endoplasms
  2 hobgoblins (D:2)
  A quokka (D:2)
  A frilled lizard (D:2)
  A kobold (D:2)
  A rat (D:1)
10 creatures vanquished.

Grand Total: 44 creatures vanquished

Notes
Turn   | Place    | Note
-------+----------+-------------------------------------------
     0 | D:1      | tsouns the Merfolk Shapeshifter began the quest for the
                  | Orb.
     0 | D:1      | Reached XP level 1. HP: 16/16 MP: 1/1
    89 | D:1      | Found a faded altar of an unknown god.
   173 | D:1      | Prayed at the altar of an unknown god.
   173 | D:1      | Became a worshipper of Jiyva Jinu the Shapeless
   173 | D:1      | Reached * piety under Jiyva
   265 | D:1      | Reached XP level 2. HP: 23/23 MP: 2/2
   369 | D:1      | Reached ** piety under Jiyva
   758 | D:1      | Found a shimmering altar of Xom.
   856 | D:2      | Found an ancient bone altar of Kikubaaqudgha.
   867 | D:2      | Reached XP level 3. HP: 18/28 MP: 3/3
  1025 | D:2      | Reached *** piety under Jiyva
  1033 | D:2      | You fall into a shaft and drop 2 floors!
  1066 | D:3      | Found a glowing golden altar of the Shining One.
  1114 | D:3      | Found a snail-covered altar of Cheibriados.
  1133 | D:3      | Noticed Ijyb
  1157 | D:3      | Blown up by Ijyb

Illustrated notes

Levels and vault maps discovered:
D:1:      dpeg_arrival_water_altar, layout_basic,
          shapermc_ecumenical_altar_venn, corexii_hall_statues_l
D:2:      minmay_recursive_quarters, layout_basic, serial_undead,
          serial_undead_e, serial_undead_a, serial_undead_d, serial_undead_d,
          serial_undead_b, serial_undead_e, serial_undead_b, serial_undead_d,
          basic_altar, uniq_natasha
D:3:      layout_basic, old_standard_altar,
          mainiacjoe_overflow_concentric_impassable,
          nicolae_tso_carved_into_rock, uniq_crazy_yiuf_cottage, uniq_ijyb
D:4:      layout_basic

Skill      XL: |  1  2  3 |
---------------+----------+-----
Dodging        | 3 |  3.5
Fighting       | 3 |  3.0
Unarmed Combat | |  2.9
Shapeshifting  | |  4.5

Action                     || total
---------------------------++-------
  Melee: Unarmed           ||   105
         Punch             ||     1
    Use: Potion            ||     2
   Stab: Sleeping          ||     3
 Armour: Animal skin       ||    10
         Ring mail         ||     9
  Dodge: Dodged            ||    76

Table legend: (Time is in decaauts)
 A = Elapsed time spent in this place.
 B = Non-inter-level travel time spent in this place.
 C = Inter-level travel time spent in this place.
 D = Time resting spent in this place.
 E = Time spent auto-exploring this place.
 F = Levels seen in this place.
 G = Mean time per level.
                   A        B        C        D        E       F      G
               +--------+--------+--------+--------+--------+-----+--------+
         Total |   1146 |   1122 |     24 |      0 |    834 |   4 |  286.5 |
       Dungeon |   1146 |   1122 |     24 |      0 |    834 |   4 |  286.5 |
               +--------+--------+--------+--------+--------+-----+--------+

Top non-repeatable levels by time:
     D:1: 846 daAuts
     D:2: 178 daAuts
     D:3: 113 daAuts
     D:4: 8 daAuts
